 Dungeon Sprint DCSS version 0.27.1-33-g824d729ab1 (webtiles) character file.

Game seed: 14874379873323738135

2340 Hipnos the Unseen (level 9, 0/39 HPs)
             Began as a Spriggan Enchanter on Nov 29, 2021.
             Was a Priest of Okawaru.
             Slain by a demonic crawler (7 damage)
             ... in the Dungeon (Sprint I: "Red Sonja").
             The game lasted 00:03:41 (996 turns).

Hipnos the Unseen (Spriggan Enchanter)               Turns: 996, Time: 00:03:41

Health: 0/39       AC:  2    Str:  4    XL:     9   Next: 20%
Magic:  20/23      EV: 20    Int: 17    God:    Okawaru [***...]
Gold:   851        SH:  0    Dex: 18    Spells: 14/26 levels left

rFire    . . .     SeeInvis +   i - +0 rapier
rCold    . . .     Faith    .   (shield restricted)
rNeg     . . .     Spirit   .   b - +0 robe
rPois    .         Reflect  .   (helmet restricted)
rElec    .         Harm     .   (no cloak)
rCorr    .         Rampage  .   (gloves unavailable)
Will     +....     NoTele   +   (boots unavailable)
Stlth    +++++++...             (no amulet)
HPRegen  0.13/turn              (no ring)
MPRegen  0.18/turn              (no ring)

@: confusing by touch, very quick
A: very small, no large weapons, unfitting armour, see invisible, speed 3
a: Renounce Religion, Heroism


You were in the Dungeon.
You worshipped Okawaru.
Okawaru was most pleased with you.
You visited 1 branch You collected 851 gold pieces.

Inventory:

Hand Weapons
 a - a +1 dagger
 i - a +0 rapier (weapon)
Armour
 b - a +0 robe (worn)
Wands
 f - a wand of charming (8)
 j - a wand of acid (7)
Scrolls
 h - 2 scrolls of blinking
 k - a scroll of enchant armour {unknown}
Potions
 c - 3 potions of curing
 d - a potion of heal wounds
 e - a potion of haste
 g - a potion of mutation {unknown}


   Skills:
 * Level 9.3 Short Blades
 + Level 6.1 Dodging
 * Level 19.4 Stealth
 + Level 9.4 Spellcasting
 + Level 11.2 Hexes
 + Level 5.0 Ice Magic


You had 14 spell levels left.
You knew the following spells:

 Your Spells              Type           Power      Damage    Failure   Level
a - Corona                Hex            51%        N/A       1%          1
b - Ensorcelled Hibernat  Hex/Ice        70%        N/A       1%          2
c - Confusing Touch       Hex            46%        N/A       1%          3
d - Tukima's Dance        Hex            46%        N/A       1%          3
e - Dazzling Flash        Conj/Hex       54%        N/A       2%          3

Your spell library contained the following spells:

 Spells                   Type           Power      Damage    Failure   Level


Dungeon Overview and Level Annotations

Branches:
Dungeon (1/1)

Altars:
Cheibriados
Dithmenos
Elyvilon
Fedhas
Gozag
Hepliaklqana
Kikubaaqudgha
Makhleb
Nemelex Xobeh
Okawaru
Qazlal
Ru
Sif Muna
Trog
Uskayaw
Vehumet
Wu Jian
Xom
Yredelemnul
Zin
The Shining One
Jiyva
Lugonu

Shops:
D (*[


Innate Abilities, Weirdness & Mutations

You are very small and have problems with some larger weapons.
You are too small for most types of armour.
You have supernaturally acute eyesight. (SInv)
You cover ground extremely quickly. (Speed+++)


Message History

There is an entrance to Luurad's Armour Emporium here.
j - a wand of acid (7)
There is an entrance to Luurad's Armour Emporium here.
You see here 20 arrows.
There is an open door here.
You open the door.
Found a ring mail, 17 gold pieces and 2 boomerangs.
Found a scroll labelled YDGHER VUDDOUPEGYD.
There is an open door here.
You see here a +0 ring mail.
You now have 851 gold pieces (gained 17).
k - a scroll labelled YDGHER VUDDOUPEGYD You see here a +0 ring mail.
There is an open door here.
There is an open door here.
There is an open door here.
There is an ornate altar of the Wu Jian Council here.
You see here 19 arrows.
There is an open door here.
There is an open door here.
There is an open door here.
Casting: Ensorcelled Hibernation (safe; 1% risk of failure)
Confirm with . or Enter, or press ? or * to list all spells.
Your hands begin to glow red.
You open the door.
The demonic crawler gives a hideous shriek!
There is an open door, spattered with blood here.
Things that are here:
a +0 dagger; a +0 robe The demonic crawler gives a hideous shriek!
You hit the demonic crawler but do no damage.
The demonic crawler closely misses you. The demonic crawler barely misses you.
The demonic crawler closely misses you. The demonic crawler hits you!
The demonic crawler misses you. The demonic crawler closely misses you.
The demonic crawler completely misses you.
The demonic crawler hits you! The demonic crawler misses you.
The demonic crawler hits you. The demonic crawler hits you!
* * * LOW HITPOINT WARNING * * *
The demonic crawler hits you!
You die...

####################
'..#.)'..#__#..')..#
#..'..#..'..'..#@s.##+#
##'#####'#__####ss.s..#
#..#...#(#### #####..+
####..##.# +##
___##'#_.+ ∩...'..._#
.__##_.#'##+###
___###'#.#([..###
######.####'###.##


You could see 4 demonic crawlers.

Vanquished Creatures
  Sonja (D)
  A deep troll (D)
  2 kobold demonologists (D)
  A slime creature (D)
  Sigmund (D)
  A yak (D)
  A floating eye (D)
  An ogre (D)
  A jelly (D)
  Ijyb (D)
  A ballistomycete spore (D)
12 creatures vanquished.

Vanquished Creatures (others)
  A ballistomycete spore (D)
1 creature vanquished.

Grand Total: 13 creatures vanquished

Notes
Turn   | Place    | Note
-------+----------+-------------------------------------------
     0 | D        | Hipnos the Spriggan Enchanter began the quest for the Orb.
     0 | D        | Reached XP level 1. HP: 9/9 MP: 5/5
     1 | D        | Noticed Ijyb
     6 | D        | Killed Ijyb
     7 | D        | Reached skill level 7 in Stealth
     7 | D        | Reached skill level 5 in Hexes
     7 | D        | Reached XP level 2. HP: 13/13 MP: 7/7
    58 | D        | Learned a level 2 spell: Ensorcelled Hibernation
    58 | D        | Noticed an ogre
    77 | D        | Killed an ogre
    78 | D        | Reached skill level 10 in Stealth
    78 | D        | Reached skill level 1 in Ice Magic
    78 | D        | Reached XP level 3. HP: 4/16 MP: 5/10
    78 | D        | Reached XP level 4. HP: 5/21 MP: 5/11
   314 | D        | Learned a level 3 spell: Confusing Touch
   318 | D        | Learned a level 3 spell: Tukima's Dance
   322 | D        | Learned a level 3 spell: Dazzling Flash
   322 | D        | Noticed Sigmund
   325 | D        | Killed Sigmund
   326 | D        | Reached skill level 5 in Short Blades
   326 | D        | Reached skill level 12 in Stealth
   326 | D        | Reached skill level 5 in Spellcasting
   326 | D        | Reached XP level 5. HP: 24/24 MP: 12/14
   326 | D        | Reached XP level 6. HP: 28/28 MP: 12/15
   337 | D        | Found an ornate altar of the Wu Jian Council.
   337 | D        | Found a shimmering blue altar of Sif Muna.
   339 | D        | Found a radiant altar of Vehumet.
   345 | D        | Found Edyny's General Store.
   345 | D        | Found an ancient bone altar of Kikubaaqudgha.
   345 | D        | Found a hazy altar of Hepliaklqana.
   345 | D        | Found a stormy altar of Qazlal.
   345 | D        | Found a hide-covered altar of Uskayaw.
   345 | D        | Found a blossoming altar of Fedhas.
   345 | D        | Found a bloodstained altar of Trog.
   345 | D        | Found an iron altar of Okawaru.
   345 | D        | Found a basalt altar of Yredelemnul.
   345 | D        | Found a glowing golden altar of the Shining One.
   345 | D        | Found a snail-covered altar of Cheibriados.
   345 | D        | Found a sacrificial altar of Ru.
   345 | D        | Found a glowing silver altar of Zin.
   345 | D        | Found a shadowy altar of Dithmenos.
   345 | D        | Found a white marble altar of Elyvilon.
   345 | D        | Noticed a yak
   350 | D        | Killed a yak
   351 | D        | Reached skill level 5 in Dodging
   351 | D        | Reached skill level 14 in Stealth
   352 | D        | Found an opulent altar of Gozag.
   353 | D        | Found a sparkling altar of Nemelex Xobeh.
   359 | D        | Became a worshipper of Warmaster Okawaru
   416 | D        | Found a burning altar of Makhleb.
   416 | D        | Found a viscous altar of Jiyva.
   416 | D        | Found a shimmering altar of Xom.
   416 | D        | Found a corrupted altar of Lugonu.
   416 | D        | Noticed a slime creature
   419 | D        | Killed a slime creature
   420 | D        | Reached skill level 15 in Stealth
   420 | D        | Reached XP level 7. HP: 32/32 MP: 18/18
   429 | D        | Noticed a kobold demonologist
   429 | D        | Noticed a kobold demonologist
   436 | D        | Killed a kobold demonologist
   437 | D        | Reached skill level 16 in Stealth
   437 | D        | Reached skill level 10 in Hexes
   445 | D        | Killed a kobold demonologist
   445 | D        | Reached * piety under Okawaru
   446 | D        | Reached skill level 17 in Stealth
   446 | D        | Reached XP level 8. HP: 23/36 MP: 17/21
   658 | D        | Noticed a demonic crawler
   658 | D        | Noticed a demonic crawler
   658 | D        | Noticed a demonic crawler
   658 | D        | Noticed a demonic crawler
   740 | D        | Noticed Sonja
   744 | D        | Killed Sonja
   744 | D        | Reached ** piety under Okawaru
   745 | D        | Reached skill level 18 in Stealth
   798 | D        | Found Duggu's Weapon Boutique.
   935 | D        | Noticed a deep troll
   939 | D        | Killed a deep troll
   939 | D        | Reached *** piety under Okawaru
   940 | D        | Reached skill level 19 in Stealth
   940 | D        | Reached skill level 5 in Ice Magic
   940 | D        | Reached XP level 9. HP: 38/39 MP: 21/23
   949 | D        | Found Luurad's Armour Emporium.
   996 | D        | Slain by a demonic crawler

Illustrated notes

Levels and vault maps discovered:
D:        dungeon_sprint_1 [red_sonja_temple_1, red_sonja_temple_small_1]

Skill      XL: |  1  2  3  4  5  6  7  8 |
---------------+-------------------------+-----
Short Blades   | 2 4 5 7 8 9 |  9.3
Dodging        | 3 4 5 6 |  6.1
Stealth        | 7 10 12 15 17 19 | 19.4
Spellcasting   | 3 4 5 6 8 9 |  9.4
Hexes          | 5 6 8 9 10 11 | 11.2
Ice Magic      | 1 2 3 5 |  5.0

Action                   |  1- 3 |  4- 6 |  7- 9 || total
-------------------------+-------+-------+-------++-------
Melee: Dagger            |     3 |     4 |       ||     7
       Rapier            |       |     1 |     7 ||     8
 Cast: Ensorcelled Hiber |     5 |     2 |    10 ||    17
       Dazzling Flash    |       |       |     1 ||     1
       Confusing Touch   |       |       |     1 ||     1
  Use: Potion            |     2 |       |     1 ||     3
 Stab: Sleeping          |     2 |     4 |     6 ||    12
Dodge: Dodged            |     3 |     1 |    14 ||    18
